Punishers vs Little Stars

Created - 30 janvier 2015 at 21:09

Goals
1 2 3 OT1 T
Punishers 2 0 1 0 3
Little Stars 3 0 0 1 4
Shots
1 2 3 OT1 T
Punishers 24 5 12 0 41
Little Stars 14 16 12 3 45

1st period

1. Punishers , Adam McQuaid 2 (Petteri Nokelainen, Tanner Glass) at 1:36
2. Little Stars , Carl Hagelin 6 (Hugh Jessiman) at 13:53
3. Punishers , Adam Pineault 12 (Brad Isbister, Brandon McMillan) at 14:38
4. Little Stars , Cory Murphy 2 (Hugh Jessiman, Erik Ersberg) at 17:04
5. Little Stars , Hugh Jessiman 24 (Corey Trivino) at 17:42

Penalties :
No Penalty

2nd period

No Goal

Penalties :
Matt Halischuk (Tex) for Cross-checking (Minor) at 3:18, Carl Hagelin (Tex) for Tripping (Minor) at 6:12, Petteri Nokelainen (Pro) for Hooking (Minor) at 11:26, Zach Jones (Pro) for Slashing (Minor) at 15:31

3rd period

6. Punishers , Mark Fraser 4 (Richard Zednik, Éric Perrin) at 3:19 (PP)

Penalties :
Cory Murphy (Tex) for Holding (Minor) at 3:14, Ryan Vesce (Tex) for Cross-checking (Minor) at 9:57

Overtime #1

7. Little Stars , Chris Dingman 33 (Mathieu Roy, Erik Ersberg) at 0:28 (PP)

Penalties :
Éric Perrin (Pro) for Holding Stick (Minor) at 0:03

Goalie Stats

Kevin Poulin (Pro), 41 saves from 45 shots - (0,911), OTL, 16-6-6, 60:28 minutes
Erik Ersberg (Tex), 38 saves from 41 shots - (0,927), W, 26-10-6, 60:28 minutes

Players Stats for Punishers

Player Name              G  A  P  +/- PIM S  H  SB GA TA FO     MP     PP MP  PK MP  
------------------------------------------------------------------------------------
Adam McQuaid             1  0  1   1  0   2  1  1  0  2  0/0    19:23   2:21   1:47 
Adam Pineault            1  0  1   0  0   2  1  0  1  1  1/1    11:02   0:09   0:00 
Brad Isbister            0  1  1   0  0   0  1  0  1  0  0/0    15:53   3:08   2:11 
Brandon McMillan         0  1  1   0  0   0  0  0  0  0  4/7    10:42   0:00   0:00 
Casey Cizikas            0  0  0  -1  0   1  0  0  0  0  0/2     8:53   0:00   0:03 
Éric Perrin              0  1  1  -1  2   5  3  0  1  1  19/36  22:09   3:08   2:26 
Erik Condra              0  0  0  -1  0   6  1  0  1  0  0/2    10:17   0:09   1:07 
Jack Hillen              0  0  0  -1  0   0  0  0  0  3  0/0    13:09   0:00   0:00 
Keaton Ellerby           0  0  0  -1  0   3  3  1  0  1  0/0    27:56   3:41   2:35 
Kris Chucko              0  0  0  -1  0   5  1  0  1  1  0/0    17:57   0:19   0:43 
Mark Fraser              1  0  1  -1  0   2  0  1  0  1  0/0    24:11   3:18   2:35 
Mike Grier               0  0  0   1  0   3  0  1  0  0  1/1    15:49   2:45   0:00 
Mike Weber               0  0  0   1  0   1  1  1  0  0  0/0    19:20   2:21   1:47 
Petteri Nokelainen       0  1  1   1  2   3  1  0  0  0  7/18   15:51   2:45   0:00 
Radek Smolenak           0  0  0  -1  0   2  0  0  0  0  0/0     8:50   0:00   0:00 
Richard Zednik           0  1  1  -1  0   0  0  0  1  0  0/1    21:03   2:58   0:55 
Simon Despres            0  0  0   0  0   0  1  0  0  0  0/0     3:14   0:00   0:00 
Tanner Glass             0  1  1   1  0   5  2  2  1  0  0/1    17:25   2:45   0:55 
Zach Jones               0  0  0  -1  2   1  0  1  0  2  0/0    14:23   0:23   0:00 

Players Stats for Little Stars

Player Name              G  A  P  +/- PIM S  H  SB GA TA FO     MP     PP MP  PK MP  
------------------------------------------------------------------------------------
Alexander Vasyunov       0  0  0   1  0   2  1  0  0  1  0/0     9:11   0:00   1:17 
Cameron Schilling        0  0  0   0  0   1  2  1  0  3  0/0    20:49   1:24   2:48 
Carl Hagelin             1  0  1   1  2   3  0  0  1  0  0/0    12:12   0:00   0:00 
Chris Dingman            1  0  1   0  0   3  1  0  2  0  8/11   22:14   2:14   3:12 
Clay Wilson              0  0  0   0  0   2  0  2  2  0  0/0    20:49   1:24   2:48 
Cody Bass                0  0  0  -1  0   0  2  0  0  0  7/15   15:36   1:44   0:00 
Corey Trivino            0  1  1   1  0   0  2  0  0  0  5/9    12:02   0:00   0:00 
Cory Murphy              1  0  1   1  2   5  0  1  3  1  0/0    27:44   2:34   3:09 
Danny DeKeiser           0  0  0   0  0   0  0  1  0  0  0/0    11:54   0:00   0:05 
Hugh Jessiman            1  2  3   1  0   6  0  0  0  0  0/0    13:58   0:00   1:53 
Jared Spurgeon           0  0  0   0  0   5  0  1  0  0  0/0    11:49   0:00   0:00 
Jesse Joensuu            0  0  0  -1  0   3  0  0  0  0  0/0    16:18   1:44   0:26 
Kyle Okposo              0  0  0   0  0   2  3  1  1  1  0/2    22:16   2:14   3:18 
Landon Ferraro           0  0  0   1  0   1  0  0  0  0  2/4     7:43   0:00   0:38 
Marcus Kruger            0  0  0   0  0   4  2  0  0  0  12/25  18:22   2:14   0:03 
Mathieu Roy              0  1  1   1  0   1  2  3  1  1  0/0    27:50   2:34   3:14 
Matt Halischuk           0  0  0   1  2   4  1  0  2  0  1/1     7:43   0:00   0:00 
Robert Czarnik           0  0  0   0  0   0  0  0  0  0  0/0     0:00   0:00   0:00 
Ryan Vesce               0  0  0  -1  2   3  3  0  0  0  2/2    17:16   1:44   1:17 

3 Stars

1 - Hugh Jessiman (Tex)
2 - Adam McQuaid (Pro)
3 - Mathieu Roy (Tex)

Power Play

Punishers - 1 on 4 Attempt(s) - 25,00%
Little Stars - 1 on 3 Attempt(s) - 33,33%

Penalty Kill

Punishers - 2 on 3 Attempt(s) - 66,67% - Score 0 goal in Penalty Kill
Little Stars - 3 on 4 Attempt(s) - 75,00% - Score 0 goal in Penalty Kill

Team Stat

Punishers - Hits : 16 - Faceoff Wins : 32 - Blocked Shots : 8 - Penalty Minutes : 6
Little Stars - Hits : 19 - Faceoff Wins : 37 - Blocked Shots : 10 - Penalty Minutes : 8

Official

Referees : Meier Brad and Hebert Ghislain
Linesman : Lyle Seitz and Don Henderson

Game Notes

No Game Note

Finance

Level 1 -- Attendance: 1627 (81,35%) -- Ticket Income 56 945 $
Level 2 -- Attendance: 783 (78,30%) -- Ticket Income 11 745 $
Total Attendance: 2410 (80,33%)
Total Ticket Income: 68 690 $
Other Income: 3 434 $
Total Income: 72 124 $

Punishers

5 vs 5 Forward 
   Center                   Left Wing                Right Wing               Time % Phy DF OF 
 1 Éric Perrin              Kris Chucko              Richard Zednik           40     1   2  2  
 2 Petteri Nokelainen       Tanner Glass             Mike Grier               30     1   2  2  
 3 Brandon McMillan         Brad Isbister            Adam Pineault            20     1   2  2  
 4 Casey Cizikas            Radek Smolenak           Erik Condra              10     1   2  2  

5 vs 5 Defense 
   Defense                  Defense                                           Time % Phy DF OF 
 1 Keaton Ellerby           Mark Fraser                                       40     1   2  2  
 2 Mike Weber               Adam McQuaid                                      30     1   2  2  
 3 Zach Jones               Jack Hillen                                       20     1   2  2  
 4 Simon Despres            Keaton Ellerby                                    10     1   2  2  

PowerPlay Forward 
   Center                   Left Wing                Right Wing               Time % Phy DF OF 
 1 Éric Perrin              Brad Isbister            Richard Zednik           60     1   2  2  
 2 Petteri Nokelainen       Tanner Glass             Mike Grier               40     1   2  2  

PowerPlay Defense
   Defense                  Defense                                           Time % Phy DF OF 
 1 Keaton Ellerby           Mark Fraser                                       60     1   2  2  
 2 Mike Weber               Adam McQuaid                                      40     1   2  2  

Penalty Kill 4 Players Forward 
   Center                   Wing                     Time % Phy DF OF 
 1 Éric Perrin              Brad Isbister            60     1   2  2  
 2 Richard Zednik           Tanner Glass             40     1   2  2  

Penalty Kill 4 Players Defense
   Defense                  Defense                  Time % Phy DF OF 
 1 Keaton Ellerby           Mark Fraser              60     1   2  2  
 2 Mike Weber               Adam McQuaid             40     1   2  2  

Penalty Kill - 3 Players Forward 
   Forward                                           Time % Phy DF OF 
 1 Éric Perrin                                       60     1   2  2  
 2 Brad Isbister                                     40     1   2  2  

Penalty Kill - 3 Players Defense
   Defense                  Defense                  Time % Phy DF OF 
 1 Keaton Ellerby           Mark Fraser              60     1   2  2  
 2 Mike Weber               Adam McQuaid             40     1   2  2  

4 vs 4 Forward 
   Center                   Wing                     Time % Phy DF OF 
 1 Éric Perrin              Brad Isbister            60     1   2  2  
 2 Richard Zednik           Tanner Glass             40     1   2  2  

4 vs 4 Defense
   Defense                  Defense                  Time % Phy DF OF 
 1 Keaton Ellerby           Mark Fraser              60     1   2  2  
 2 Mike Weber               Adam McQuaid             40     1   2  2  

Last Minutes Offensive
   Center                   Left Wing                Right Wing               Defense                  Defense                  
   Éric Perrin              Brad Isbister            Richard Zednik           Keaton Ellerby           Mark Fraser              

Last Minutes Defensive
   Center                   Left Wing                Right Wing               Defense                  Defense                  
   Éric Perrin              Brad Isbister            Richard Zednik           Keaton Ellerby           Mark Fraser              

Goaltenders
Starting : Kevin Poulin             
Backup : Anton Khudobin           

Extra Forwards
Normal : Kris Chucko, Adam Pineault, Erik Condra - PP : Kris Chucko, Adam Pineault - PK : Erik Condra
Extra Defensemen
Normal : Zach Jones, Jack Hillen, Simon Despres - PP : Zach Jones - PK : Jack Hillen, Simon Despres
Penalty Shots
Éric Perrin, Brad Isbister, Richard Zednik, Tanner Glass, Kris Chucko

Little Stars

5 vs 5 Forward 
   Center                   Left Wing                Right Wing               Time % Phy DF OF 
 1 Marcus Kruger            Chris Dingman            Kyle Okposo              40     1   2  2  
 2 Cody Bass                Jesse Joensuu            Ryan Vesce               30     1   2  2  
 3 Corey Trivino            Carl Hagelin             Hugh Jessiman            20     1   2  2  
 4 Landon Ferraro           Alexander Vasyunov       Matt Halischuk           10     1   2  2  

5 vs 5 Defense 
   Defense                  Defense                                           Time % Phy DF OF 
 1 Cory Murphy              Mathieu Roy                                       40     1   2  2  
 2 Clay Wilson              Cameron Schilling                                 30     1   2  2  
 3 Jared Spurgeon           Danny DeKeiser                                    20     1   2  2  
 4 Cory Murphy              Mathieu Roy                                       10     1   2  2  

PowerPlay Forward 
   Center                   Left Wing                Right Wing               Time % Phy DF OF 
 1 Marcus Kruger            Chris Dingman            Kyle Okposo              60     1   2  2  
 2 Cody Bass                Jesse Joensuu            Ryan Vesce               40     1   2  2  

PowerPlay Defense
   Defense                  Defense                                           Time % Phy DF OF 
 1 Cory Murphy              Mathieu Roy                                       60     1   2  2  
 2 Clay Wilson              Cameron Schilling                                 40     1   2  2  

Penalty Kill 4 Players Forward 
   Center                   Wing                     Time % Phy DF OF 
 1 Chris Dingman            Kyle Okposo              60     1   2  2  
 2 Ryan Vesce               Hugh Jessiman            40     1   2  2  

Penalty Kill 4 Players Defense
   Defense                  Defense                  Time % Phy DF OF 
 1 Cory Murphy              Mathieu Roy              60     1   2  2  
 2 Clay Wilson              Cameron Schilling        40     1   2  2  

Penalty Kill - 3 Players Forward 
   Forward                                           Time % Phy DF OF 
 1 Chris Dingman                                     60     1   2  2  
 2 Kyle Okposo                                       40     1   2  2  

Penalty Kill - 3 Players Defense
   Defense                  Defense                  Time % Phy DF OF 
 1 Cory Murphy              Mathieu Roy              60     1   2  2  
 2 Clay Wilson              Cameron Schilling        40     1   2  2  

4 vs 4 Forward 
   Center                   Wing                     Time % Phy DF OF 
 1 Chris Dingman            Kyle Okposo              60     1   2  2  
 2 Ryan Vesce               Hugh Jessiman            40     1   2  2  

4 vs 4 Defense
   Defense                  Defense                  Time % Phy DF OF 
 1 Cory Murphy              Mathieu Roy              60     1   2  2  
 2 Clay Wilson              Cameron Schilling        40     1   2  2  

Last Minutes Offensive
   Center                   Left Wing                Right Wing               Defense                  Defense                  
   Marcus Kruger            Chris Dingman            Kyle Okposo              Cory Murphy              Mathieu Roy              

Last Minutes Defensive
   Center                   Left Wing                Right Wing               Defense                  Defense                  
   Marcus Kruger            Chris Dingman            Kyle Okposo              Cory Murphy              Mathieu Roy              

Goaltenders
Starting : Erik Ersberg             
Backup : Ben Scrivens             

Extra Forwards
Normal : Matt Halischuk, Carl Hagelin, Alexander Vasyunov - PP : Matt Halischuk, Carl Hagelin - PK : Alexander Vasyunov
Extra Defensemen
Normal : Jared Spurgeon, Danny DeKeiser, Clay Wilson - PP : Jared Spurgeon - PK : Danny DeKeiser, Clay Wilson
Penalty Shots
Chris Dingman, Kyle Okposo, Ryan Vesce, Hugh Jessiman, Matt Halischuk

% Time on Ice - Punishers

Lines # - Real PCT - Wanted PCT - Time Play
Normal Forward
1 - 33% - 40% - 16:43
2 - 28% - 30% - 13:45
3 - 21% - 20% - 10:42
4 - 18% - 10% - 8:50
Normal Defense
1 - 37% - 40% - 18:25
2 - 30% - 30% - 15:12
3 - 26% - 20% - 13:09
4 - 6% - 10% - 3:14
PP Forward
1 - 54% - 60% - 3:17
2 - 46% - 40% - 2:45
PP Defense
1 - 61% - 60% - 3:41
2 - 39% - 40% - 2:21
PK Forward
1 - 77% - 60% - 3:03
2 - 23% - 40% - 0:55
PK Defense
1 - 55% - 60% - 2:11
2 - 45% - 40% - 1:47
PK3 Forward
1 - 100% - 60% - 0:24
2 - 0% - 40% - 0:00
PK3 Defense
1 - 100% - 60% - 0:24
2 - 0% - 40% - 0:00
44 Forward
1 - 100% - 60% - 0:04
2 - 0% - 40% - 0:00
44 Defense
1 - 100% - 60% - 0:04
2 - 0% - 40% - 0:00
Last Minute Offensive  - 0:00
Last Minute Defensive  - 0:00
Total
Forward - 60:28
Defense - 60:28

% Time on Ice - Little Stars

Lines # - Real PCT - Wanted PCT - Time Play
Normal Forward
1 - 34% - 40% - 16:58
2 - 28% - 30% - 13:55
3 - 24% - 20% - 12:02
4 - 14% - 10% - 7:05
Normal Defense
1 - 39% - 40% - 19:34
2 - 33% - 30% - 16:37
3 - 24% - 20% - 11:49
4 - 4% - 10% - 2:00
PP Forward
1 - 56% - 60% - 2:14
2 - 44% - 40% - 1:44
PP Defense
1 - 65% - 60% - 2:34
2 - 35% - 40% - 1:24
PK Forward
1 - 69% - 60% - 4:09
2 - 31% - 40% - 1:53
PK Defense
1 - 54% - 60% - 3:14
2 - 46% - 40% - 2:48
PK3 Forward
1 - 0% - 60%
2 - 0% - 40%
PK3 Defense
1 - 0% - 60%
2 - 0% - 40%
44 Forward
1 - 100% - 60% - 0:28
2 - 0% - 40% - 0:00
44 Defense
1 - 100% - 60% - 0:28
2 - 0% - 40% - 0:00
Last Minute Offensive  - 0:00
Last Minute Defensive  - 0:00
Total
Forward - 60:28
Defense - 60:28

Play by Play

1st period


0:01 of 1st period - Éric Perrin wins face-off versus Marcus Kruger in neutral zone.
0:04 of 1st period - Snap shot by Kris Chucko.
0:04 of 1st period - Stopped by Erik Ersberg without a rebound.
0:05 of 1st period - Éric Perrin wins face-off versus Marcus Kruger in Little Stars zone.
0:34 of 1st period - Slapshot by Mike Grier.
0:34 of 1st period - Deflect By Cory Murphy.
0:34 of 1st period - Shot Blocked by Cory Murphy.
0:34 of 1st period - Puck is out of play.
0:35 of 1st period - Petteri Nokelainen wins face-off versus Cody Bass in Little Stars zone.
0:38 of 1st period - Slapshot by Tanner Glass.
0:38 of 1st period - Deflect By Cameron Schilling.
0:38 of 1st period - Shot Misses the Net.
0:38 of 1st period - Puck is out of play.
0:39 of 1st period - Brandon McMillan wins face-off versus Corey Trivino in Little Stars zone.
1:08 of 1st period - Clay Wilson is hit by Erik Condra.
1:32 of 1st period - Snap shot by Petteri Nokelainen.
1:32 of 1st period - Shot Misses the Net.
1:34 of 1st period - Slapshot by Adam McQuaid.
1:34 of 1st period - Shot Misses the Net.
1:36 of 1st period - Slapshot by Adam McQuaid.
1:36 of 1st period - Goal by Adam McQuaid - Punishers : 1 - Little Stars : 0.
1:37 of 1st period - Éric Perrin wins face-off versus Marcus Kruger in neutral zone.
1:45 of 1st period - Icing by Chris Dingman.
1:46 of 1st period - Marcus Kruger wins face-off versus Richard Zednik in Little Stars zone.
2:26 of 1st period - Off-side.
2:27 of 1st period - Cody Bass wins face-off versus Petteri Nokelainen in neutral zone.
2:30 of 1st period - Snap shot by Cody Bass.
2:30 of 1st period - Shot Blocked by Keaton Ellerby.
2:32 of 1st period - Snap shot by Cody Bass.
2:32 of 1st period - Shot Misses the Net.
2:34 of 1st period - Snap shot by Jared Spurgeon.
2:34 of 1st period - Shot Misses the Net.
2:36 of 1st period - Slapshot by Jared Spurgeon.
2:36 of 1st period - Stopped by Kevin Poulin with a rebound.
2:38 of 1st period - Slapshot by Jared Spurgeon.
2:38 of 1st period - Stopped by Kevin Poulin without a rebound.
2:39 of 1st period - Brandon McMillan wins face-off versus Corey Trivino in Punishers zone.
3:04 of 1st period - Slapshot by Erik Condra.
3:04 of 1st period - Stopped by Erik Ersberg with a rebound.
3:06 of 1st period - Slapshot by Adam McQuaid.
3:06 of 1st period - Deflect By Cory Murphy.
3:06 of 1st period - Stopped by Erik Ersberg with a rebound.
4:10 of 1st period - Icing by Keaton Ellerby.
4:11 of 1st period - Brandon McMillan wins face-off versus Landon Ferraro in Punishers zone.
4:20 of 1st period - Snap shot by Matt Halischuk.
4:20 of 1st period - Stopped by Kevin Poulin without a rebound.
4:21 of 1st period - Cody Bass wins face-off versus Petteri Nokelainen in Punishers zone.
4:57 of 1st period - Snap shot by Marcus Kruger.
4:57 of 1st period - Stopped by Kevin Poulin with a rebound.
5:20 of 1st period - Wrist shot by Adam Pineault.
5:20 of 1st period - Shot Blocked by Cameron Schilling.
5:36 of 1st period - Wrist shot by Clay Wilson.
5:36 of 1st period - Shot Misses the Net.
6:09 of 1st period - Clay Wilson is hit by Kris Chucko and loses puck.
6:46 of 1st period - Snap shot by Erik Condra.
6:46 of 1st period - Stopped by Erik Ersberg with a rebound.
6:48 of 1st period - Slapshot by Mark Fraser.
6:48 of 1st period - Shot Blocked by Mathieu Roy.
6:50 of 1st period - Slapshot by Keaton Ellerby.
6:50 of 1st period - Stopped by Erik Ersberg with a rebound.
6:52 of 1st period - Slapshot by Keaton Ellerby.
6:52 of 1st period - Stopped by Erik Ersberg with a rebound.
6:54 of 1st period - Wrist shot by Erik Condra.
6:54 of 1st period - Stopped by Erik Ersberg with a rebound.
6:56 of 1st period - Slapshot by Mark Fraser.
6:56 of 1st period - Stopped by Erik Ersberg with a rebound.
7:14 of 1st period - Slapshot by Landon Ferraro.
7:14 of 1st period - Stopped by Kevin Poulin without a rebound.
7:15 of 1st period - Éric Perrin wins face-off versus Landon Ferraro in Punishers zone.
7:24 of 1st period - Wrist shot by Éric Perrin.
7:24 of 1st period - Shot Misses the Net.
7:40 of 1st period - Tanner Glass is hit by Marcus Kruger and loses puck.
7:57 of 1st period - Petteri Nokelainen is hit by Kyle Okposo and loses puck.
8:17 of 1st period - Slapshot by Marcus Kruger.
8:17 of 1st period - Shot Misses the Net.
8:33 of 1st period - Wrist shot by Mike Grier.
8:33 of 1st period - Stopped by Erik Ersberg without a rebound.
8:34 of 1st period - Cody Bass wins face-off versus Éric Perrin in Little Stars zone.
8:46 of 1st period - Mark Fraser is hit by Ryan Vesce.
9:55 of 1st period - Corey Trivino is hit by Simon Despres and loses puck.
10:08 of 1st period - Slapshot by Matt Halischuk.
10:08 of 1st period - Shot Misses the Net.
11:19 of 1st period - Snap shot by Marcus Kruger.
11:19 of 1st period - Stopped by Kevin Poulin without a rebound.
11:20 of 1st period - Petteri Nokelainen wins face-off versus Kyle Okposo in Punishers zone.
11:29 of 1st period - Snap shot by Tanner Glass.
11:29 of 1st period - Shot Misses the Net.
11:31 of 1st period - Backhand shot by Petteri Nokelainen.
11:31 of 1st period - Shot Misses the Net.
11:33 of 1st period - Snap shot by Petteri Nokelainen.
11:33 of 1st period - Shot Misses the Net.
11:35 of 1st period - Snap shot by Tanner Glass.
11:35 of 1st period - Stopped by Erik Ersberg with a rebound.
11:37 of 1st period - Slapshot by Petteri Nokelainen.
11:37 of 1st period - Stopped by Erik Ersberg with a rebound.
11:39 of 1st period - Wrist shot by Mike Grier.
11:39 of 1st period - Stopped by Erik Ersberg with a rebound.
11:41 of 1st period - Snap shot by Mike Grier.
11:41 of 1st period - Stopped by Erik Ersberg with a rebound.
12:42 of 1st period - Mathieu Roy is hit by Keaton Ellerby and loses puck.
12:48 of 1st period - Icing by Kyle Okposo.
12:49 of 1st period - Éric Perrin wins face-off versus Marcus Kruger in Little Stars zone.
12:54 of 1st period - Slapshot by Éric Perrin.
12:54 of 1st period - Stopped by Erik Ersberg with a rebound.
12:56 of 1st period - Snap shot by Kris Chucko.
12:56 of 1st period - Shot Misses the Net.
13:00 of 1st period - Snap shot by Éric Perrin.
13:00 of 1st period - Stopped by Erik Ersberg with a rebound.
13:02 of 1st period - Backhand shot by Mike Weber.
13:02 of 1st period - Stopped by Erik Ersberg with a rebound.
13:04 of 1st period - Wrist shot by Kris Chucko.
13:04 of 1st period - Stopped by Erik Ersberg with a rebound.
13:20 of 1st period - Wrist shot by Ryan Vesce.
13:20 of 1st period - Stopped by Kevin Poulin without a rebound.
13:21 of 1st period - Ryan Vesce wins face-off versus Éric Perrin in Punishers zone.
13:30 of 1st period - Wrist shot by Ryan Vesce.
13:30 of 1st period - Shot Misses the Net.
13:46 of 1st period - Brad Isbister is hit by Cameron Schilling and loses puck.
13:53 of 1st period - Wrist shot by Carl Hagelin.
13:53 of 1st period - Goal by Carl Hagelin - Punishers : 1 - Little Stars : 1.
13:54 of 1st period - Éric Perrin wins face-off versus Cody Bass in neutral zone.
14:01 of 1st period - Wrist shot by Richard Zednik.
14:01 of 1st period - Shot Blocked by Clay Wilson.
14:16 of 1st period - Éric Perrin is hit by Cody Bass and loses puck.
14:26 of 1st period - Off-side.
14:27 of 1st period - Corey Trivino wins face-off versus Brandon McMillan in neutral zone.
14:30 of 1st period - Wrist shot by Carl Hagelin.
14:30 of 1st period - Deflect By Hugh Jessiman.
14:30 of 1st period - Stopped by Kevin Poulin with a rebound.
14:38 of 1st period - Snap shot by Adam Pineault.
14:38 of 1st period - Goal by Adam Pineault - Punishers : 2 - Little Stars : 1.
14:39 of 1st period - Marcus Kruger wins face-off versus Éric Perrin in neutral zone.
14:46 of 1st period - Slapshot by Éric Perrin.
14:46 of 1st period - Stopped by Erik Ersberg without a rebound.
14:47 of 1st period - Chris Dingman wins face-off versus Éric Perrin in Little Stars zone.
16:11 of 1st period - Wrist shot by Kris Chucko.
16:11 of 1st period - Stopped by Erik Ersberg without a rebound.
16:12 of 1st period - Cody Bass wins face-off versus Petteri Nokelainen in Little Stars zone.
16:23 of 1st period - Snap shot by Tanner Glass.
16:23 of 1st period - Stopped by Erik Ersberg with a rebound.
16:25 of 1st period - Slapshot by Petteri Nokelainen.
16:25 of 1st period - Stopped by Erik Ersberg with a rebound.
16:51 of 1st period - Carl Hagelin is hit by Adam McQuaid and loses puck.
17:02 of 1st period - Wrist shot by Hugh Jessiman.
17:02 of 1st period - Stopped by Kevin Poulin with a rebound.
17:04 of 1st period - Wrist shot by Cory Murphy.
17:04 of 1st period - Goal by Cory Murphy - Punishers : 2 - Little Stars : 2.
17:05 of 1st period - Ryan Vesce wins face-off versus Petteri Nokelainen in neutral zone.
17:10 of 1st period - Wrist shot by Ryan Vesce.
17:10 of 1st period - Stopped by Kevin Poulin with a rebound.
17:12 of 1st period - Wrist shot by Jesse Joensuu.
17:12 of 1st period - Stopped by Kevin Poulin without a rebound.
17:13 of 1st period - Petteri Nokelainen wins face-off versus Cody Bass in Punishers zone.
17:36 of 1st period - Snap shot by Cody Bass.
17:36 of 1st period - Deflect By Ryan Vesce.
17:36 of 1st period - Shot Misses the Net.
17:36 of 1st period - Puck is out of play.
17:37 of 1st period - Corey Trivino wins face-off versus Éric Perrin in Punishers zone.
17:42 of 1st period - Wrist shot by Hugh Jessiman.
17:42 of 1st period - Goal by Hugh Jessiman - Punishers : 2 - Little Stars : 3.
17:43 of 1st period - Cody Bass wins face-off versus Éric Perrin in neutral zone.
18:10 of 1st period - Mark Fraser is hit by Corey Trivino and loses puck.
18:17 of 1st period - Wrist shot by Adam Pineault.
18:17 of 1st period - Shot Blocked by Mathieu Roy.
18:41 of 1st period - Wrist shot by Petteri Nokelainen.
18:41 of 1st period - Stopped by Erik Ersberg with a rebound.
Goals for this period are 2 for Punishers vs 3 for Little Stars.
Shots for this period are 24 for Punishers vs 14 for Little Stars.

2nd period


0:01 of 2nd period - Éric Perrin wins face-off versus Marcus Kruger in neutral zone.
0:05 of 2nd period - Off-side.
0:06 of 2nd period - Marcus Kruger wins face-off versus Éric Perrin in neutral zone.
0:36 of 2nd period - Keaton Ellerby is hit by Mathieu Roy and loses puck.
1:36 of 2nd period - Slapshot by Cory Murphy.
1:36 of 2nd period - Shot Misses the Net.
2:28 of 2nd period - Snap shot by Casey Cizikas.
2:28 of 2nd period - Stopped by Erik Ersberg without a rebound.
2:29 of 2nd period - Marcus Kruger wins face-off versus Éric Perrin in Little Stars zone.
2:29 of 2nd period - Marcus Kruger is hit by Éric Perrin.
2:57 of 2nd period - Wrist shot by Alexander Vasyunov.
2:57 of 2nd period - Stopped by Kevin Poulin without a rebound.
2:58 of 2nd period - Landon Ferraro wins face-off versus Petteri Nokelainen in Punishers zone.
3:01 of 2nd period - Snap shot by Matt Halischuk.
3:01 of 2nd period - Stopped by Kevin Poulin without a rebound.
3:02 of 2nd period - Landon Ferraro wins face-off versus Petteri Nokelainen in Punishers zone.
3:13 of 2nd period - Jared Spurgeon is hit by Tanner Glass.
3:18 of 2nd period - Minor Penalty to Matt Halischuk for Cross-checking.
3:19 of 2nd period - Chris Dingman wins face-off versus Éric Perrin in Little Stars zone.
4:40 of 2nd period - Off-side.
4:41 of 2nd period - Chris Dingman wins face-off versus Petteri Nokelainen in neutral zone.
4:50 of 2nd period - Wrist shot by Keaton Ellerby.
4:50 of 2nd period - Stopped by Erik Ersberg with a rebound.
5:18 of 2nd period - Penalty to Matt Halischuk is over, Matt Halischuk is back on ice.
5:38 of 2nd period - Mike Weber is hit by Alexander Vasyunov and loses puck.
5:49 of 2nd period - Slapshot by Hugh Jessiman.
5:49 of 2nd period - Shot Misses the Net.
6:12 of 2nd period - Minor Penalty to Carl Hagelin for Tripping.
6:13 of 2nd period - Chris Dingman wins face-off versus Éric Perrin in Little Stars zone.
7:52 of 2nd period - Hugh Jessiman is hit by Keaton Ellerby and loses puck.
8:12 of 2nd period - Penalty to Carl Hagelin is over, Carl Hagelin is back on ice.
8:18 of 2nd period - Slapshot by Carl Hagelin.
8:18 of 2nd period - Stopped by Kevin Poulin with a rebound.
8:20 of 2nd period - Slapshot by Jared Spurgeon.
8:20 of 2nd period - Stopped by Kevin Poulin with a rebound.
8:22 of 2nd period - Slapshot by Jared Spurgeon.
8:22 of 2nd period - Stopped by Kevin Poulin without a rebound.
8:23 of 2nd period - Matt Halischuk wins face-off versus Casey Cizikas in Punishers zone.
8:28 of 2nd period - Wrist shot by Alexander Vasyunov.
8:28 of 2nd period - Stopped by Kevin Poulin with a rebound.
8:30 of 2nd period - Slapshot by Jared Spurgeon.
8:30 of 2nd period - Stopped by Kevin Poulin with a rebound.
8:32 of 2nd period - Slapshot by Matt Halischuk.
8:32 of 2nd period - Shot Misses the Net.
8:34 of 2nd period - Backhand shot by Matt Halischuk.
8:34 of 2nd period - Stopped by Kevin Poulin without a rebound.
8:35 of 2nd period - Éric Perrin wins face-off versus Cody Bass in Punishers zone.
8:42 of 2nd period - Snap shot by Richard Zednik.
8:42 of 2nd period - Shot Misses the Net.
8:44 of 2nd period - Snap shot by Éric Perrin.
8:44 of 2nd period - Stopped by Erik Ersberg without a rebound.
8:45 of 2nd period - Éric Perrin wins face-off versus Cody Bass in Little Stars zone.
9:38 of 2nd period - Snap shot by Jesse Joensuu.
9:38 of 2nd period - Stopped by Kevin Poulin without a rebound.
9:39 of 2nd period - Marcus Kruger wins face-off versus Petteri Nokelainen in Punishers zone.
9:44 of 2nd period - Wrist shot by Marcus Kruger.
9:44 of 2nd period - Stopped by Kevin Poulin without a rebound.
9:45 of 2nd period - Petteri Nokelainen wins face-off versus Chris Dingman in Punishers zone.
10:15 of 2nd period - Slapshot by Cory Murphy.
10:15 of 2nd period - Stopped by Kevin Poulin with a rebound.
10:17 of 2nd period - Slapshot by Mathieu Roy.
10:17 of 2nd period - Stopped by Kevin Poulin with a rebound.
10:21 of 2nd period - Wrist shot by Hugh Jessiman.
10:21 of 2nd period - Shot Misses the Net.
10:23 of 2nd period - Snap shot by Hugh Jessiman.
10:23 of 2nd period - Stopped by Kevin Poulin with a rebound.
10:41 of 2nd period - Slapshot by Clay Wilson.
10:41 of 2nd period - Stopped by Kevin Poulin with a rebound.
10:53 of 2nd period - Éric Perrin is hit by Ryan Vesce and loses puck.
11:04 of 2nd period - Snap shot by Éric Perrin.
11:04 of 2nd period - Stopped by Erik Ersberg without a rebound.
11:05 of 2nd period - Mike Grier wins face-off versus Marcus Kruger in Little Stars zone.
11:18 of 2nd period - Kyle Okposo is hit by Petteri Nokelainen.
11:26 of 2nd period - Minor Penalty to Petteri Nokelainen for Hooking.
11:27 of 2nd period - Éric Perrin wins face-off versus Marcus Kruger in Punishers zone.
11:57 of 2nd period - Off-side.
11:58 of 2nd period - Chris Dingman wins face-off versus Éric Perrin in neutral zone.
12:23 of 2nd period - Ryan Vesce is hit by Mike Weber and loses puck.
13:26 of 2nd period - Penalty to Petteri Nokelainen is over, Petteri Nokelainen is back on ice.
13:38 of 2nd period - Slapshot by Hugh Jessiman.
13:38 of 2nd period - Stopped by Kevin Poulin with a rebound.
13:40 of 2nd period - Slapshot by Jared Spurgeon.
13:40 of 2nd period - Deflect By Corey Trivino.
13:40 of 2nd period - Shot Misses the Net.
13:40 of 2nd period - Puck is out of play.
13:41 of 2nd period - Corey Trivino wins face-off versus Petteri Nokelainen in Punishers zone.
14:11 of 2nd period - Adam Pineault is hit by Cameron Schilling and loses puck.
14:32 of 2nd period - Keaton Ellerby is hit by Kyle Okposo.
14:47 of 2nd period - Icing by Zach Jones.
14:48 of 2nd period - Cody Bass wins face-off versus Casey Cizikas in Punishers zone.
15:29 of 2nd period - Backhand shot by Cody Bass.
15:29 of 2nd period - Shot Blocked by Zach Jones.
15:31 of 2nd period - Minor Penalty to Zach Jones for Slashing.
15:32 of 2nd period - Éric Perrin wins face-off versus Marcus Kruger in Punishers zone.
15:32 of 2nd period - Éric Perrin is hit by Kyle Okposo.
16:15 of 2nd period - Wrist shot by Tanner Glass.
16:15 of 2nd period - Stopped by Erik Ersberg without a rebound.
16:16 of 2nd period - Éric Perrin wins face-off versus Marcus Kruger in Little Stars zone.
16:41 of 2nd period - Snap shot by Ryan Vesce.
16:41 of 2nd period - Stopped by Kevin Poulin with a rebound.
17:31 of 2nd period - Penalty to Zach Jones is over, Zach Jones is back on ice.
17:38 of 2nd period - Hugh Jessiman is hit by Tanner Glass and loses puck.
18:07 of 2nd period - Snap shot by Matt Halischuk.
18:07 of 2nd period - Shot Misses the Net.
18:30 of 2nd period - Icing by Radek Smolenak.
18:31 of 2nd period - Brandon McMillan wins face-off versus Marcus Kruger in Punishers zone.
18:35 of 2nd period - Icing by Brad Isbister.
18:36 of 2nd period - Marcus Kruger wins face-off versus Brandon McMillan in Punishers zone.
18:47 of 2nd period - Wrist shot by Marcus Kruger.
18:47 of 2nd period - Shot Misses the Net.
Goals for this period are 0 for Punishers vs 0 for Little Stars.
Shots for this period are 5 for Punishers vs 16 for Little Stars.

3rd period


0:01 of 3rd period - Marcus Kruger wins face-off versus Éric Perrin in neutral zone.
0:04 of 3rd period - Slapshot by Cory Murphy.
0:04 of 3rd period - Stopped by Kevin Poulin without a rebound.
0:05 of 3rd period - Éric Perrin wins face-off versus Marcus Kruger in Punishers zone.
0:09 of 3rd period - Off-side.
0:10 of 3rd period - Éric Perrin wins face-off versus Marcus Kruger in neutral zone.
0:17 of 3rd period - Snap shot by Richard Zednik.
0:17 of 3rd period - Shot Misses the Net.
0:58 of 3rd period - Snap shot by Kyle Okposo.
0:58 of 3rd period - Shot Misses the Net.
1:00 of 3rd period - Wrist shot by Marcus Kruger.
1:00 of 3rd period - Stopped by Kevin Poulin without a rebound.
1:01 of 3rd period - Cody Bass wins face-off versus Tanner Glass in Punishers zone.
1:06 of 3rd period - Wrist shot by Cody Bass.
1:06 of 3rd period - Shot Blocked by Adam McQuaid.
1:08 of 3rd period - Slapshot by Clay Wilson.
1:08 of 3rd period - Stopped by Kevin Poulin with a rebound.
1:10 of 3rd period - Snap shot by Jesse Joensuu.
1:10 of 3rd period - Stopped by Kevin Poulin without a rebound.
1:11 of 3rd period - Petteri Nokelainen wins face-off versus Cody Bass in Punishers zone.
1:24 of 3rd period - Wrist shot by Ryan Vesce.
1:24 of 3rd period - Shot Blocked by Mike Grier.
1:26 of 3rd period - Slapshot by Clay Wilson.
1:26 of 3rd period - Shot Blocked by Mike Weber.
1:28 of 3rd period - Snap shot by Jesse Joensuu.
1:28 of 3rd period - Shot Misses the Net.
1:36 of 3rd period - Snap shot by Clay Wilson.
1:36 of 3rd period - Shot Blocked by Tanner Glass.
1:38 of 3rd period - Wrist shot by Cameron Schilling.
1:38 of 3rd period - Deflect By Tanner Glass.
1:38 of 3rd period - Stopped by Kevin Poulin without a rebound.
1:39 of 3rd period - Marcus Kruger wins face-off versus Éric Perrin in Punishers zone.
1:44 of 3rd period - Wrist shot by Kyle Okposo.
1:44 of 3rd period - Stopped by Kevin Poulin with a rebound.
2:13 of 3rd period - Slapshot by Hugh Jessiman.
2:13 of 3rd period - Stopped by Kevin Poulin with a rebound.
2:53 of 3rd period - Wrist shot by Erik Condra.
2:53 of 3rd period - Stopped by Erik Ersberg with a rebound.
3:14 of 3rd period - Minor Penalty to Cory Murphy for Holding.
3:15 of 3rd period - Éric Perrin wins face-off versus Chris Dingman in Little Stars zone.
3:17 of 3rd period - Snap shot by Richard Zednik.
3:17 of 3rd period - Shot Blocked by Kyle Okposo.
3:19 of 3rd period - Slapshot by Mark Fraser.
3:19 of 3rd period - Goal by Mark Fraser - Punishers : 3 - Little Stars : 3.
3:20 of 3rd period - Marcus Kruger wins face-off versus Éric Perrin in neutral zone.
3:52 of 3rd period - Wrist shot by Tanner Glass.
3:52 of 3rd period - Shot Misses the Net.
4:31 of 3rd period - Adam McQuaid is hit by Marcus Kruger and loses puck.
4:38 of 3rd period - Wrist shot by Erik Condra.
4:38 of 3rd period - Stopped by Erik Ersberg with a rebound.
4:40 of 3rd period - Snap shot by Radek Smolenak.
4:40 of 3rd period - Stopped by Erik Ersberg without a rebound.
4:41 of 3rd period - Éric Perrin wins face-off versus Cody Bass in Little Stars zone.
4:44 of 3rd period - Snap shot by Richard Zednik.
4:44 of 3rd period - Shot Misses the Net.
4:46 of 3rd period - Wrist shot by Éric Perrin.
4:46 of 3rd period - Shot Blocked by Jared Spurgeon.
4:48 of 3rd period - Slapshot by Zach Jones.
4:48 of 3rd period - Stopped by Erik Ersberg with a rebound.
5:14 of 3rd period - Snap shot by Kyle Okposo.
5:14 of 3rd period - Shot Misses the Net.
5:16 of 3rd period - Wrist shot by Kyle Okposo.
5:16 of 3rd period - Shot Misses the Net.
5:30 of 3rd period - Adam Pineault is hit by Corey Trivino and loses puck.
5:54 of 3rd period - Wrist shot by Matt Halischuk.
5:54 of 3rd period - Stopped by Kevin Poulin without a rebound.
5:55 of 3rd period - Petteri Nokelainen wins face-off versus Kyle Okposo in Punishers zone.
5:55 of 3rd period - Petteri Nokelainen is hit by Chris Dingman.
6:54 of 3rd period - Snap shot by Brad Isbister.
6:54 of 3rd period - Shot Misses the Net.
6:56 of 3rd period - Snap shot by Adam Pineault.
6:56 of 3rd period - Deflect By Brad Isbister.
6:56 of 3rd period - Shot Misses the Net.
6:56 of 3rd period - Puck is out of play.
6:57 of 3rd period - Marcus Kruger wins face-off versus Petteri Nokelainen in Little Stars zone.
7:28 of 3rd period - Slapshot by Tanner Glass.
7:28 of 3rd period - Stopped by Erik Ersberg without a rebound.
7:29 of 3rd period - Corey Trivino wins face-off versus Éric Perrin in Little Stars zone.
8:01 of 3rd period - Slapshot by Cory Murphy.
8:01 of 3rd period - Deflect By Carl Hagelin.
8:01 of 3rd period - Stopped by Kevin Poulin with a rebound.
8:03 of 3rd period - Slapshot by Mathieu Roy.
8:03 of 3rd period - Deflect By Hugh Jessiman.
8:03 of 3rd period - Shot Blocked by Mark Fraser.
8:03 of 3rd period - Puck is out of play.
8:04 of 3rd period - Petteri Nokelainen wins face-off versus Marcus Kruger in Punishers zone.
8:33 of 3rd period - Wrist shot by Erik Condra.
8:33 of 3rd period - Stopped by Erik Ersberg with a rebound.
8:35 of 3rd period - Slapshot by Keaton Ellerby.
8:35 of 3rd period - Shot Blocked by Clay Wilson.
8:37 of 3rd period - Snap shot by Radek Smolenak.
8:37 of 3rd period - Stopped by Erik Ersberg with a rebound.
8:39 of 3rd period - Slapshot by Keaton Ellerby.
8:39 of 3rd period - Shot Misses the Net.
9:57 of 3rd period - Minor Penalty to Ryan Vesce for Cross-checking.
9:58 of 3rd period - Chris Dingman wins face-off versus Petteri Nokelainen in Little Stars zone.
10:11 of 3rd period - Backhand shot by Tanner Glass.
10:11 of 3rd period - Stopped by Erik Ersberg with a rebound.
10:13 of 3rd period - Snap shot by Petteri Nokelainen.
10:13 of 3rd period - Shot Blocked by Mathieu Roy.
10:23 of 3rd period - Mathieu Roy is hit by Keaton Ellerby and loses puck.
11:57 of 3rd period - Penalty to Ryan Vesce is over, Ryan Vesce is back on ice.
12:04 of 3rd period - Snap shot by Erik Condra.
12:04 of 3rd period - Shot Misses the Net.
13:06 of 3rd period - Wrist shot by Kris Chucko.
13:06 of 3rd period - Stopped by Erik Ersberg with a rebound.
13:30 of 3rd period - Snap shot by Cody Bass.
13:30 of 3rd period - Shot Blocked by Tanner Glass.
13:42 of 3rd period - Éric Perrin is hit by Matt Halischuk and loses puck.
15:05 of 3rd period - Jared Spurgeon is hit by Éric Perrin and loses puck.
15:24 of 3rd period - Kyle Okposo is hit by Brad Isbister and loses puck.
15:34 of 3rd period - Icing by Marcus Kruger.
15:35 of 3rd period - Marcus Kruger wins face-off versus Éric Perrin in Little Stars zone.
15:35 of 3rd period - Marcus Kruger is hit by Éric Perrin.
15:54 of 3rd period - Slapshot by Mathieu Roy.
15:54 of 3rd period - Shot Misses the Net.
15:56 of 3rd period - Slapshot by Cory Murphy.
15:56 of 3rd period - Stopped by Kevin Poulin with a rebound.
16:08 of 3rd period - Keaton Ellerby is hit by Cody Bass and loses puck.
17:19 of 3rd period - Éric Perrin is hit by Mathieu Roy.
17:51 of 3rd period - Petteri Nokelainen is hit by Ryan Vesce and loses puck.
18:13 of 3rd period - Icing by Hugh Jessiman.
18:14 of 3rd period - Corey Trivino wins face-off versus Éric Perrin in Little Stars zone.
18:21 of 3rd period - Snap shot by Éric Perrin.
18:21 of 3rd period - Shot Blocked by Danny DeKeiser.
18:35 of 3rd period - Slapshot by Kyle Okposo.
18:35 of 3rd period - Stopped by Kevin Poulin without a rebound.
18:36 of 3rd period - Marcus Kruger wins face-off versus Brandon McMillan in Punishers zone.
18:50 of 3rd period - Wrist shot by Adam Pineault.
18:50 of 3rd period - Stopped by Erik Ersberg without a rebound.
18:51 of 3rd period - Éric Perrin wins face-off versus Corey Trivino in Little Stars zone.
18:56 of 3rd period - Wrist shot by Kris Chucko.
18:56 of 3rd period - Stopped by Erik Ersberg without a rebound.
18:57 of 3rd period - Éric Perrin wins face-off versus Corey Trivino in Little Stars zone.
18:58 of 3rd period - Snap shot by Kris Chucko.
18:58 of 3rd period - Shot Misses the Net.
19:30 of 3rd period - Slapshot by Cory Murphy.
19:30 of 3rd period - Stopped by Kevin Poulin without a rebound.
19:31 of 3rd period - Adam Pineault wins face-off versus Cody Bass in Punishers zone.
19:46 of 3rd period - Jesse Joensuu is hit by Adam Pineault and loses puck.
Goals for this period are 1 for Punishers vs 0 for Little Stars.
Shots for this period are 12 for Punishers vs 12 for Little Stars.

Overtime #1


0:01 of 1st overtime period - Éric Perrin wins face-off versus Chris Dingman in neutral zone.
0:03 of 1st overtime period - Minor Penalty to Éric Perrin for Holding Stick.
0:04 of 1st overtime period - Chris Dingman wins face-off versus Erik Condra in Punishers zone.
0:12 of 1st overtime period - Snap shot by Chris Dingman.
0:12 of 1st overtime period - Deflect By Mark Fraser.
0:12 of 1st overtime period - Stopped by Kevin Poulin with a rebound.
0:14 of 1st overtime period - Wrist shot by Chris Dingman.
0:14 of 1st overtime period - Stopped by Kevin Poulin without a rebound.
0:15 of 1st overtime period - Chris Dingman wins face-off versus Erik Condra in Punishers zone.
0:28 of 1st overtime period - Wrist shot by Chris Dingman.
0:28 of 1st overtime period - Goal by Chris Dingman - Punishers : 3 - Little Stars : 4.
Goals for this period are 0 for Punishers vs 1 for Little Stars.
Shots for this period are 0 for Punishers vs 3 for Little Stars.


Output by the SimonT Hockey Simulator (STHS) for François Prévost -- Original Page W3C XHTML 1.0 Valid
Hockey Simulator - Hockey Simulation - Hockey Manager